 Dungeon Crawl Stone Soup version 0.29.1-1-gd02db6906a (webtiles) character file.

Game seed: 16196563785337441488

193 Demigod47 the Covered (level 5, -1/46 HPs)
             Began as a Minotaur Fighter on Oct 7, 2022.
             Killed from afar by an orc wizard (8 damage)
             ... with a magic dart
             ... on level 4 of the Dungeon.
             The game lasted 00:05:11 (3744 turns).

Demigod47 the Covered (Minotaur Fighter)            Turns: 3744, Time: 00:05:12

Health: -1/46      AC:  7    Str: 20 (22) XL:     5   Next: 43%
Magic:  4/4        EV:  9    Int:  4 (5)  God:
Gold:   137        SH:  4    Dex: 10      Spells: 4/4 levels left

rFire   . . .      SeeInvis .   a - +0 war axe (venom)
rCold   . . .      Faith    .   c - +0 buckler
rNeg    . . .      Spirit   .   b - +0 scale mail
rPois   .          Reflect  .   (helmet restricted)
rElec   .          Harm     .   (no cloak)
rCorr   .          Rampage  .   (no gloves)
Will    .....                   (no boots)
Stlth   ..........              (no amulet)
HPRegen 0.15/turn               (no ring)
MPRegen 0.09/turn               (no ring)

@: mighty
A: horns 2, retaliatory headbutt
a: no special abilities


You were on level 4 of the Dungeon.
You visited 1 branch of the dungeon, and saw 4 of its levels.

You collected 137 gold pieces.

Inventory:

Hand Weapons
 a - a +0 war axe of venom (weapon)
Missiles
 k - 2 atropa-tipped darts (quivered)
 n - 6 poisoned darts
Armour
 b - a +0 scale mail (worn)
 c - a +0 buckler (worn)
Jewellery
 e - a ring of wizardry
Wands
 m - a wand of roots (9)
Scrolls
 j - 2 scrolls of brand weapon
Potions
 d - 2 potions of might
 f - 4 potions of curing
 g - a potion of lignification
 i - a potion of brilliance


   Skills:
 + Level 4.2 Fighting
 + Level 4.4 Axes
 + Level 5.2 Armour
 + Level 0.6 Dodging
 + Level 0.3 Stealth
 + Level 4.4 Shields


You had 4 spell levels left.
You didn't know any spells.
Your spell library contained the following spells:

 Spells                   Type           Power      Damage    Failure   Level
 Blink                    Tloc           0%         N/A       96%         2
 Ensorcelled Hibernation  Hex/Ice        0%         N/A       96%         2
 Lesser Beckoning         Tloc           0%         N/A       99%         3
 Spider Form              Tmut/Pois      0%         N/A       99%         3
 Anguish                  Hex/Necr       0%         N/A       100%        4
 Manifold Assault         Tloc           0%         N/A       100%        5


Dungeon Overview and Level Annotations

Branches:
Dungeon (4/15)
 Temple: D:4-7

Altars:
Hepliaklqana
Trog
Uskayaw

Annotations:
D:3 Crazy Yiuf


Innate Abilities, Weirdness & Mutations

You have a pair of horns on your head.
You reflexively headbutt those who attack you in melee.


Message History

You closely miss something. Your headbutt misses something.
You closely miss something. Something hits you but does no damage.
Something hits you.
You closely miss something. x2
You hear some strange, mumbled words.
You are confused.
Something hits you but does no damage. The orc hits you with a +0 hand axe.
Something hits you but does no damage.
You barely miss something. Your headbutt misses something. You miss something.
You miss the orc. Something hits you but does no damage.
You hear some strange, mumbled words.
Something tries to affect you, but you resist.
The orc hits you with a +0 hand axe.
You feel very mighty all of a sudden. Something hits you. x2
* * * LOW HITPOINT WARNING * * *
The orc barely misses you. The orc priest hits you with a +0 mace.
* * * LOW HITPOINT WARNING * * *
You slash the orc priest!
The orc priest looks as sick as possible!
Your headbutt misses the orc priest.
The orc priest is almost dead.
You slash the orc!
You kill the orc!
You slash the orc!
You kill the orc!
You closely miss something. x2
You kill the orc priest!
Something hits you but does no damage. Something hits you.
* * * LOW HITPOINT WARNING * * *
You feel your intelligence returning.
You miss something. Your headbutt misses something.
You miss the giant cockroach. You barely miss something.
You feel less confused. The giant cockroach barely misses you.
Something hits you but does no damage. x2
You block the giant cockroach's attack.
You hear some strange, mumbled words.
A magic dart appears from out of thin air!
The magic dart hits you!
You die...

.......##..#..# ##.......
........##.#..# #........
.........#.#..####..###..#.
..............##..## #..##
.................# ##.#
..............#..# #.#
.............###.# ##.##
........†)...# #.## ##)..#
.........B@.## #..####.##..
.........){.# ##.##..## #.
.............# #....## .
...>..........# #..### .
....................#
........##...........#
.......####....#####..#
..## ..... #..# .#. #...


You could see a giant cockroach.

Vanquished Creatures
  A necrophage (D:4)
  An orc priest (D:4)
  Terence (D:3)
  2 adders
  2 worms
  A dart slug (D:3)
  2 orcs (D:4)
  5 ball pythons
  A bat (D:3)
  3 endoplasms
  A giant cockroach (D:1)
  6 goblins
  2 jackals (D:4)
  5 kobolds
  5 quokkas
  5 frilled lizards
  4 rats
47 creatures vanquished.

Notes
Turn   | Place    | Note
-------+----------+-------------------------------------------
     0 | D:1      | Demigod47 the Minotaur Fighter began the quest for the Orb.
     0 | D:1      | Reached XP level 1. HP: 19/19 MP: 0/0
   104 | D:1      | Found a faded altar of an unknown god.
   461 | D:1      | Reached XP level 2. HP: 26/27 MP: 1/1
   743 | D:1      | Reached skill level 4 in Armour
  1229 | D:2      | Reached XP level 3. HP: 32/33 MP: 2/2
  1740 | D:2      | Found a hazy altar of Hepliaklqana.
  2218 | D:3      | Noticed Terence
  2230 | D:3      | Killed Terence
  2231 | D:3      | Reached XP level 4. HP: 12/40 MP: 3/3
  2700 | D:3      | Found a bloodstained altar of Trog.
  2915 | D:3      | Found a runed translucent door.
  2916 | D:3      | Noticed Crazy Yiuf
  2952 | D:3      | Found a hide-covered altar of Uskayaw.
  3723 | D:4      | Noticed a necrophage
  3734 | D:4      | Killed a necrophage
  3735 | D:4      | Reached skill level 5 in Armour
  3735 | D:4      | Reached XP level 5. HP: 29/46 MP: 4/4
  3744 | D:4      | Killed from afar by an orc wizard

Illustrated notes

Levels and vault maps discovered:
D:1:      dpeg_arrival_snail, layout_loops_ring, basic_ecumenical_altar
D:2:      layout_basic, basic_altar
D:3:      layout_loops_ring, nicolae_uskayaw_suspiria, trog_book,
          uniq_crazy_yiuf_cottage, uniq_terence
D:4:      layout_layer_cave, serial_shops, nicolae_shop_hallway_stairs

Skill      XL: |  1  2  3  4 |
---------------+-------------+-----
Armour         | 4 5 |  5.2
Axes           | 3 4 |  4.4
Shields        | 4 |  4.4
Fighting       | 4 |  4.2
Dodging        | |  0.6
Stealth        | |  0.3

Action                   |  1- 3 |  4- 6 || total
-------------------------+-------+-------++-------
Melee: War axe           |   107 |    39 ||   146
       Headbutt          |     8 |     6 ||    14
  Use: Potion            |     1 |     5 ||     6
       Scroll            |       |     3 ||     3
Armor: Scale mail        |    55 |    22 ||    77
Dodge: Dodged            |    48 |    16 ||    64
Block: Buckler           |    30 |     7 ||    37
